 Dungeon Crawl Stone Soup version 0.28.0 (webtiles) character file.

Game seed: 1217126521969197874

44447 GrayStillPlays the Grappler (level 13, -4/136 HPs)
             Began as a Troll Fighter on Feb 15, 2022.
             Was the Champion of the Shining One.
             Slain by a redback (14 damage)
             ... on level 4 of the Lair of Beasts.
             The game lasted 01:13:14 (16721 turns).

GrayStillPlays the Grappler (Troll Fighter)        Turns: 16721, Time: 01:13:15

Health: -4/136     AC:  7    Str: 29    XL:     13   Next: 96%
Magic:  12/12      EV: 12    Int:  6    God:    the Shining One [******]
Gold:   1511       SH: 22    Dex: 15    Spells: 12/12 levels left

rFire   + . .      SeeInvis .     - Unarmed
rCold   + . .      Faith    .   c - +5 tower shield {rN+}
rNeg    + + +      Spirit   .   Y - +0 troll leather armour
rPois   .          Reflect  .   a - +1 hat
rElec   .          Harm     .   t - scarf {rC+ rF+}
rCorr   .          Rampage  .   (gloves unavailable)
Will    .....                   (boots unavailable)
Stlth   +.........              j - amulet of regeneration {@e2}
HPRegen 2.72/turn               z - ring of positive energy
MPRegen 0.13/turn               A - +6 ring of dexterity

@: lethally poisoned (-4 -> -40), on berserk cooldown, slowed, glowing, very
slow
A: large, unfitting armour, claws 3, regeneration 1, shaggy fur 1, tough skin 1
a: Renounce Religion, Divine Shield, Cleansing Flame, Summon Divine Warrior,
Brand Weapon With Holy Wrath


You were on level 4 of the Lair of Beasts.
You worshipped the Shining One.
The Shining One was exalted by your worship.
You visited 3 branches of the dungeon, and saw 16 of its levels.
You visited the Abyss 1 time.
You also visited: Ossuary, Bailey, Gauntlet and Volcano.

You collected 1511 gold pieces.


Innate Abilities, Weirdness & Mutations

You are too large for most types of armour.
You have claws for hands.
Your natural rate of healing is unusually fast.
You are covered in fur. (AC +1)
You have tough skin. (AC +1)


   Skills:
 + Level 10.8 Fighting
 + Level 10.8 Dodging
 + Level 10.8 Shields
 + Level 12.6 Unarmed Combat


You had 12 spell levels left.
You didn't know any spells.
Your spell library contained the following spells:

 Spells                   Type           Power      Damage    Failure   Level
 Apportation              Tloc           0%         N/A       91%         1
 Freeze                   Ice            0%         1d3       91%         1
 Slow                     Hex            0%         N/A       91%         1
 Static Discharge         Conj/Air       0%         N/A       97%         2
 Sublimation of Blood     Necr           0%         N/A       97%         2
 Wereblood                Tmut           0%         N/A       97%         2
 Call Canine Familiar     Summ           0%         N/A       100%        3
 Confusing Touch          Hex            0%         N/A       100%        3
 Conjure Flame            Conj/Fire      0%         6-21      100%        3
 Frozen Ramparts          Ice            0%         1d2       100%        3
 Ignite Poison            Fire/Tmut/Pois 0%         N/A       100%        3
 Portal Projectile        Hex/Tloc       0%         N/A       100%        3
 Vampiric Draining        Necr           0%         2d6       100%        3
 Flame Wave               Conj/Fire      0%         2d4       100%        4
 Hailstorm                Conj/Ice       0%         3d3       100%        4
 Ice Form                 Ice/Tmut       0%         N/A       100%        4
 Leda's Liquefaction      Hex/Erth       0%         N/A       100%        4
 Sticky Flame             Conj/Fire      0%         2d3       100%        4
 Summon Ice Beast         Ice/Summ       0%         N/A       100%        4
 Summon Lightning Spire   Summ/Air       0%         N/A       100%        4
 Alistair's Intoxication  Tmut/Pois      0%         N/A       100%        5
 Fireball                 Conj/Fire      0%         3d3       100%        5
 Lightning Bolt           Conj/Air       0%         1d11      100%        5
 Conjure Ball Lightning   Conj/Air       0%         3x3d6     100%        6
 Summon Hydra             Summ           0%         N/A       100%        7
 Discord                  Hex            0%         N/A       100%        8
 Disjunction              Tloc           0%         N/A       100%        8
 Maxwell's Capacitive Co  Air            0%         ∞         100%        8
 Fire Storm               Conj/Fire      0%         5d1       100%        9

Inventory:

Hand Weapons
 k - the +6 fustibalus of Contradiction {venom, rPois rN++, sling}
   (You took it off a minotaur in a Gauntlet)

   Any ammunition fired from it poisons the flesh of those it strikes.
   rPois:     It protects you from poison.
   rN:        It greatly protects you from negative energy.
 u - a +5 whip of flaming {mace}
   (You found it in a Gauntlet)
 K - the +2 falchion "Pendulum" {vorpal, Drain rN+ Will+++ Str+4, long}
   (You found it on level 1 of the Lair of Beasts)

   It inflicts extra damage upon your enemies.
   Str:       It affects your strength (+4).
   rN:        It protects you from negative energy.
   Drain:     It drains your maximum health when unequipped.
   Will:      It greatly increases your willpower.
Missiles
 b - 6 large rocks (quivered) {=fthrowing}
Armour
 a - a +1 hat (worn)
   (You found it in a Gauntlet)
 c - a +5 tower shield of positive energy (worn)
   (You found it in a bailey)
 d - the +0 hat "Meir" {rElec}
   (You found it in a Gauntlet)

   rElec:     It insulates you from electricity.
 t - a scarf of resistance (worn)
   (You found it on level 3 of the Lair of Beasts)
 w - +0 acid dragon scales
   (You found it on level 11 of the Dungeon)
 H - the +4 robe of Folly {Brilliance Will-∞ Int+8}
   (You found it on level 4 of the Dungeon)

   It increases the power of your magical spells.
   It halves the magic cost of your spells (rounding up).
   It reduces your willpower to zero.
   Int:       It affects your intelligence (+8).
 J - a scarf of repulsion
   (You found it on level 3 of the Lair of Beasts)
 Y - a +0 troll leather armour (worn)
   (You found it on level 11 of the Dungeon)
Magical Staves
 m - a staff of cold {!astaff}
   (You found it on level 1 of the Dungeon)
 x - a staff of conjuration {!a@e2staff}
   (You found it on level 2 of the Dungeon)
Jewellery
 j - an amulet of regeneration (around neck) {@e2}
   (You found it on level 5 of the Dungeon)
 z - a ring of positive energy (left claw)
   (You found it on level 2 of the Dungeon)
 A - a +6 ring of dexterity (right claw)
   (You found it on level 2 of the Dungeon)
 B - a ring of willpower
   (You took it off a minotaur in a Gauntlet)
 S - a ring of protection from cold
   (You found it on level 2 of the Lair of Beasts)
Wands
 y - a wand of digging (4)
   (You found it on level 11 of the Dungeon)
 E - a wand of polymorph (8)
   (You found it in a Gauntlet)
 P - a wand of flame (24)
   (You found it on level 11 of the Dungeon)
 U - a wand of mindburst (10)
   (You took it off an orc on level 8 of the Dungeon)
 W - a wand of iceblast (1)
   (You found it on level 1 of the Lair of Beasts)
 X - a wand of charming (8)
   (You found it on level 9 of the Dungeon)
Scrolls
 e - 4 scrolls of magic mapping {!r}
 f - a scroll of vulnerability {unknown}
 g - 3 scrolls of enchant armour
 i - a scroll of fear {unknown}
 o - a scroll of holy word
 r - 3 scrolls of fog
 s - a scroll of teleportation {@r4}
 v - 2 scrolls of torment {forbidden!r}
 C - a scroll of blinking {unknown}
 D - a scroll of identify {@r1}
 G - 2 scrolls of amnesia {unknown}
 M - 2 scrolls of noise {unknown}
 T - 2 scrolls of brand weapon
Potions
 h - 2 potions of invisibility {unknown}
 l - 2 potions of magic
 p - 4 potions of mutation {!q}
 q - 2 potions of ambrosia {unknown}
 I - a potion of resistance {unknown}
 L - 2 potions of degeneration {unknown}
 N - 2 potions of attraction {!q}
 O - 6 potions of brilliance
 Q - 2 potions of cancellation {unknown}
 R - 2 potions of haste {unknown}
 V - 2 potions of flight {unknown}
Miscellaneous
 F - a piece from Xom's chessboard (15/15)
   (You found it on level 3 of the Lair of Beasts)
 Z - a box of beasts
   (You found it on level 9 of the Dungeon)

Dungeon Overview and Level Annotations

Branches:
Dungeon (11/15)            Temple (1/1) D:4            Lair (4/6) D:11
 Shoals (0/4) Lair:4          Orc (0/2) D:11        Ossuary (visited)
 Bailey (visited)         Volcano (visited)         Gauntlet (visited)
  Snake: Lair:2-4    Spider: Lair:2-4

Altars:
Ashenzari
Dithmenos
Elyvilon
Fedhas
Gozag
Hepliaklqana
Kikubaaqudgha
Makhleb
Nemelex Xobeh
Okawaru
Qazlal
Ru
Sif Muna
Trog
Uskayaw
Vehumet
Wu Jian
Xom
Yredelemnul
Zin
The Shining One
Beogh

Annotations:
D:6 2 runed translucent doors, jlumianski's ghost, novice HOFE

.....^^ #
#...# ^^
#..# ^^^
#.## ^..^
##.# ^....
#..#......
##......^.
##s........
#@#........
###.......P


PP....... PP....... P........ ...######. .# You could see a redback.


Message History

You are more poisoned.
The cane toad poisons you! 😨 HP[-16]
You take 16 damage, and now have 51/136 hp.
As you read the scroll of teleportation {@r4}, it crumbles to dust.
You feel strangely unstable.
You feel extremely sick. You block the cane toad's attack.
You block the dream sheep's attack. 😨 HP[-7]
You take 7 damage, and now have 44/136 hp.
Aiming: Iceblast
Press: ? - help, Q - select action, (/) - cycle Shift-Dir - straight line
Okay, then.
A red film seems to cover your vision as you go berserk!
You feel yourself moving faster!
You feel mighty!
You feel extremely sick. You block the cane toad's attack.
You block the dream sheep's attack. x2 😨 HP[+19]
You now have 204 max hp (+68).
You regained 19 hp, and now have 63/204 hp.
You mangle the cane toad!!
You feel very sick. You block the cane toad's attack.
You block the dream sheep's attack. x2 😨 HP[-2]
You take 2 damage, and now have 61/204 hp.
You mangle the cane toad!!
You kill the cane toad!
You feel very sick.
You block the dream sheep's attack. 😨 HP[-2]
You take 2 damage, and now have 59/204 hp.
You scratch the dream sheep.
Your surroundings suddenly seem different.
A redback comes into view.
You feel very sick. 😨 HP[-1]
You take 1 damage, and now have 58/204 hp.
You feel sick.
You feel a strong urge to attack something.
You feel sick.
You feel sick.
A redback comes into view.
You feel your anger nearly subside.
You are no longer berserk.
You are exhausted.
You feel yourself slow down.
You feel sick. 😨 HP[-20]
You now have 136 max hp (-68).
You feel very sick. 😨 HP[+1]
You feel sick. You block the redback's attack. The redback bites you!
* * * LOW HITPOINT WARNING * * *
😱 HP[-5]
You take 5 damage, and now have 34/136 hp.
You feel sick. The redback bites you.
* * * LOW HITPOINT WARNING * * *
You block the redback's attack.
The redback closely misses you. 😱 HP[-1]
You take 1 damage, and now have 33/136 hp.
You feel sick.
The redback bites you but does no damage. 😨 HP[+2]
You regained 2 hp, and now have 35/136 hp.
You closely miss the redback.
You feel sick.
You are no longer poisoned.
You block the redback's attack. x2 😨 HP[+2]
You regained 2 hp, and now have 37/136 hp.
You claw the redback! The redback bites you.
* * * LOW HITPOINT WARNING * * *
You block the redback's attack. The redback bites you.
* * * LOW HITPOINT WARNING * * *
You are poisoned.
The redback poisons you! 😱 HP[-5]
You take 5 damage, and now have 32/136 hp.
You mangle the redback!!
You kill the redback!
You feel extremely sick. The redback misses you. 😱 HP[-9]
You take 9 damage, and now have 23/136 hp.
You scratch the redback.
You feel extremely sick. The redback misses you.
You block the redback's attack. The redback barely misses you. 😱 HP[-4]
You take 4 damage, and now have 19/136 hp.
You claw the redback!
You feel very sick.
You block the redback's attack. x2 😱 HP[-2]
You take 2 damage, and now have 17/136 hp.
You claw the redback!
You feel very sick. The redback bites you.
* * * LOW HITPOINT WARNING * * *
You are lethally poisoned!
The redback poisons you! The redback bites you!
You die...

Skill      XL: |  1  2  3  4  5  6  7  8  9 10 11 12 13 |
---------------+----------------------------------------+-----
Shields        | 3 4 5 6 7 8 9 10 | 10.8
Fighting       | 3 4 5 6 7 8 9 10 | 10.8
Dodging        | 3 4 5 6 7 8 9 10 | 10.8
Unarmed Combat | 3 4 5 6 7 8 10 11 12 | 12.6

Action                   |  1- 3 |  4- 6 |  7- 9 | 10-12 | 13-15 || total
-------------------------+-------+-------+-------+-------+-------++-------
Melee: Unarmed           |    78 |   126 |   278 |   743 |   353 ||  1578
       Whip              |       |       |       |    37 |    17 ||    54
Throw: Dart              |       |       |       |     5 |       ||     5
       Large rock        |       |       |       |     1 |     3 ||     4
Invok: Divine Shield     |       |       |       |     4 |       ||     4
Evoke: Wand              |       |       |       |     8 |       ||     8
       Box of beasts     |       |       |       |     1 |       ||     1
  Use: Scroll            |       |       |     5 |    13 |     7 ||    25
       Potion            |       |       |       |     7 |     8 ||    15
 Stab: Sleeping          |       |     1 |       |       |       ||     1
Armor: Robe              |    32 |    27 |    47 |       |    12 ||   118
       Steam dragon scal |       |       |    10 |    76 |       ||    86
       Troll leather arm |       |       |       |    77 |    69 ||   146
Dodge: Dodged            |    33 |    32 |   115 |   348 |   161 ||   689
       Repelled          |       |       |       |       |     1 ||     1
Block: Kite shield       |    27 |    37 |   162 |   199 |       ||   425
       Reflection        |       |       |     1 |       |       ||     1
       Tower shield      |       |       |       |   529 |   526 ||  1055

Levels and vault maps discovered:
D:1:      matt_arrival_diagonals, layout_basic, chequers_serial_rivers_large_a
D:2:      layout_rooms, shapermc_ecumenical_altar_gd, minmay_octomino_j4,
          uniq_jessica
D:3:      layout_rooms, mainiacjoe_overflow_paths, grunt_ministairs_12,
          uniq_terence
D:4:      layout_basic, temple_green
D:5:      minmay_diamond_boxcup, layout_basic, gup_sewer_entry_glass,
          uniq_prince_ribbit1
D:6:      layout_layer_cave, nicolae_ossuary_entry_ruins, ebering_ghost_sewer_f,
          chequers_serial_rivers_micro_b, nrook_campfire, uniq_maggie,
          uniq_eustachio
D:7:      layout_basic, general_overflow_altar
D:8:      layout_loops_cross, enter_bailey_2, glass_columns_c,
          grunt_decor_arrowhead, uniq_joseph
D:9:      layout_cave_pools
D:10:     layout_loops_corners
D:11:     minmay_the_grid_3x2 [minmay_the_grid_large_cup, minmay_the_grid_slots,
          minmay_the_grid_expand, minmay_the_grid_garden,
          minmay_the_grid_all_tris, minmay_the_grid_prize_inner_circle],
          layout_gridville, lair_entry_dummy, david_orc_5,
          gauntlet_entry_generic
Temple:   mainiacjoe_temple_cubbyholes
Lair:1:   layout_roguey, minivault_19, serial_bayou_shore_b
Lair:2:   layout_long_grid, grunt_megastairs_3
Lair:3:   layout_cave_shapes, nicolae_volcano_entry_batcave,
          lemuel_centaur_altar, serial_bayou_shore_a
Lair:4:   layout_gridlike, elwin_shoals_entry_stream, spider_nest_entry_webs,
          grunt_megastairs_4, serial_bayou_shore_b

Notes
Turn   | Place    | Note
-------+----------+-------------------------------------------
     0 | D:1      | GrayStillPlays the Troll Fighter began the quest for the
                  | Orb.
     0 | D:1      | Reached XP level 1. HP: 22/22 MP: 0/0
     0 | D:1      | magus.rc [v1.9.6]
   201 | D:1      | Reached XP level 2. HP: 29/29 MP: 1/1
   629 | D:2      | Noticed Jessica
   633 | D:2      | Killed Jessica
   634 | D:2      | Reached XP level 3. HP: 36/36 MP: 2/2
   805 | D:2      | Found a faded altar of an unknown god.
  1076 | D:2      | Reached XP level 4. HP: 44/44 MP: 3/3
  1176 | D:3      | Reached skill level 3 in Shields
  1206 | D:3      | Reached skill level 3 in Fighting
  1206 | D:3      | Reached skill level 3 in Dodging
  1282 | D:3      | Noticed Terence
  1343 | D:3      | Reached skill level 3 in Unarmed Combat
  1382 | D:3      | Killed Terence
  1383 | D:3      | Reached XP level 5. HP: 49/53 MP: 4/4
  1431 | D:3      | Found a shimmering altar of Xom.
  1869 | D:4      | Found the +4 robe of Folly {Brilliance Will-∞ Int+8}
  1964 | D:4      | Noticed an ice beast
  1971 | D:4      | Killed an ice beast
  1972 | D:4      | Reached XP level 6. HP: 45/61 MP: 5/5
  1993 | D:4      | Found a staircase to the Ecumenical Temple.
  2000 | Temple   | Entered the Ecumenical Temple
  2326 | Temple   | Became a worshipper of the Shining One
  2591 | D:4      | Noticed a wyvern
  2601 | D:4      | Killed a wyvern
  2602 | D:4      | Reached skill level 4 in Unarmed Combat
  2602 | D:4      | Reached XP level 7. HP: 63/68 MP: 6/6
  2835 | D:4      | Reached skill level 4 in Fighting
  2850 | D:4      | Reached skill level 4 in Dodging
  2850 | D:4      | Reached skill level 4 in Shields
  3057 | D:5      | Entered Level 5 of the Dungeon
  3058 | D:5      | Noticed Prince Ribbit
  3069 | D:5      | Killed Prince Ribbit
  3070 | D:5      | Noticed a hornet
  3082 | D:5      | Killed a hornet
  3083 | D:5      | Reached skill level 5 in Unarmed Combat
  3083 | D:5      | Reached XP level 8. HP: 57/79 MP: 7/7
  3114 | D:5      | You pick up a book of Rime and begin reading...
  3114 | D:5      | You add the spells Frozen Ramparts, Ice Form and Summon Ice
                  | Beast to your library.
  4162 | D:5      | HP: 16/79 [ogre (8)]
  4164 | D:5      | Reached skill level 5 in Fighting
  4164 | D:5      | Reached skill level 5 in Dodging
  4164 | D:5      | Reached skill level 5 in Shields
  4167 | D:5      | HP: 15/80 [poisoned by a scorpion]
  4172 | D:5      | HP: 12/80 [poisoned by a scorpion]
  4177 | D:5      | HP: 13/80 [hound (2)]
  4183 | D:5      | Reached * piety under the Shining One
  4184 | D:5      | HP: 15/80 [acid (4)]
  4666 | D:6      | Noticed Eustachio
  4678 | D:6      | Killed Eustachio
  4679 | D:6      | Reached skill level 6 in Unarmed Combat
  4685 | D:6      | Found a sand-covered staircase.
  4694 | Ossuary  | Entered an ossuary
  4742 | Ossuary  | Reached XP level 9. HP: 78/88 MP: 8/8
  4777 | Ossuary  | Reached ** piety under the Shining One
  5115 | D:6      | Reached *** piety under the Shining One
  5165 | D:6      | Noticed Maggie
  5174 | D:6      | Killed Maggie
  5175 | D:6      | Reached skill level 6 in Fighting
  5175 | D:6      | Reached skill level 6 in Dodging
  5175 | D:6      | Reached skill level 6 in Shields
  5175 | D:6      | Reached skill level 7 in Unarmed Combat
  5199 | D:6      | Found a runed translucent door.
  5211 | D:6      | You pick up a book of Frost and begin reading...
  5211 | D:6      | You add the spells Freeze and Hailstorm to your library.
  5301 | D:6      | Found a runed translucent door.
  5703 | D:6      | Noticed jlumianski's ghost (novice HOFE)
  6134 | D:7      | You add the spells Conjure Flame, Ignite Poison and Sticky
                  | Flame to your library.
  6460 | D:7      | You pick up a book of Rime and begin reading...
  6480 | D:7      | Reached XP level 10. HP: 100/100 MP: 9/9
  6490 | D:7      | Noticed a boulder beetle
  6590 | D:8      | Noticed a two-headed ogre
  6596 | D:8      | Noticed Joseph
  6603 | D:8      | HP: 14/100 [two-headed ogre (19)]
  6610 | D:8      | HP: 18/100 [Joseph/sling bullet (9)]
  6669 | D:7      | Killed a two-headed ogre
  6732 | D:7      | Killed a boulder beetle
  6733 | D:7      | Reached skill level 8 in Unarmed Combat
  6779 | D:8      | Reached skill level 7 in Fighting
  6779 | D:8      | Reached skill level 7 in Dodging
  6779 | D:8      | Reached skill level 7 in Shields
  6807 | D:8      | Found a flagged portal.
  6811 | D:8      | Noticed a two-headed ogre
  6814 | Bailey   | Entered a bailey
  6828 | Bailey   | Noticed an orc knight
  6865 | Bailey   | Killed an orc knight
  6951 | Bailey   | Noticed an orc sorcerer
  6956 | Bailey   | Noticed a sun demon
  6959 | Bailey   | Killed an orc sorcerer
  7010 | Bailey   | Found an iron altar of Okawaru.
  7010 | Bailey   | Noticed an orc sorcerer
  7040 | Bailey   | Killed an orc sorcerer
  7043 | Bailey   | HP: 22/102 [orc warrior (14)]
  7187 | Bailey   | Noticed an orc knight
  7235 | Bailey   | Killed an orc knight
  7236 | Bailey   | Reached XP level 11. HP: 88/109 MP: 10/10
  7473 | Bailey   | Acquired 507 gold pieces
  7494 | Bailey   | HP: 23/109 [electric eel/bolt of electricity (11)]
  7750 | D:8      | Killed a two-headed ogre
  7751 | D:8      | Reached skill level 9 in Unarmed Combat
  7796 | D:8      | Reached **** piety under the Shining One
  7802 | D:8      | Killed Joseph
  7890 | D:8      | You pick up a book of Debilitation and begin reading...
  7890 | D:8      | You add the spells Slow, Vampiric Draining and Confusing
                  | Touch to your library.
  8107 | D:8      | You pick up a book of Chaos and begin reading...
  8107 | D:8      | You add the spells Conjure Ball Lightning, Disjunction and
                  | Discord to your library.
  8494 | D:9      | Noticed a green ugly thing
  8502 | D:9      | Killed a green ugly thing
  8503 | D:9      | Reached skill level 8 in Dodging
  8503 | D:9      | Reached skill level 8 in Shields
  8592 | D:9      | Noticed a two-headed ogre
  8600 | D:9      | Killed a two-headed ogre
  8601 | D:9      | Reached skill level 8 in Fighting
  8932 | D:9      | Noticed a two-headed ogre
  8944 | D:9      | Killed a two-headed ogre
  9078 | D:10     | Entered Level 10 of the Dungeon
  9615 | D:10     | Reached ***** piety under the Shining One
  9875 | D:11     | Found a gate leading to a gauntlet.
  9957 | D:11     | Reached skill level 10 in Unarmed Combat
 10065 | Gauntlet | Entered a Gauntlet
 10065 | Gauntlet | Found a transporter.
 10065 | Gauntlet | Found a transporter.
 10069 | Gauntlet | Found a transporter.
 10069 | Gauntlet | Found a transporter.
 10076 | Gauntlet | Found a transporter.
 10077 | Gauntlet | Noticed a soul eater
 10092 | Gauntlet | Found a transporter.
 10092 | Gauntlet | Found a transporter.
 10092 | Gauntlet | Noticed a shining eye
 10098 | Gauntlet | Found a large runed translucent door.
 10099 | Gauntlet | Found a large runed translucent door.
 10101 | Gauntlet | Found a runed translucent gate.
 10103 | Gauntlet | Found a large runed translucent door.
 10104 | Gauntlet | Found a large runed translucent door.
 10105 | Gauntlet | Found a large runed translucent door.
 10105 | Gauntlet | Found a large runed translucent door.
 10105 | Gauntlet | Found a runed translucent door.
 10105 | Gauntlet | Noticed a hell beast
 10106 | Gauntlet | Found a large runed translucent door.
 10106 | Gauntlet | Noticed a wolf spider
 10107 | Gauntlet | Found a large runed translucent door.
 10108 | Gauntlet | Found a transporter.
 10108 | Gauntlet | Found a runed translucent gate.
 10108 | Gauntlet | Found a transporter.
 10109 | Gauntlet | Found a runed translucent gate.
 10109 | Gauntlet | Found a runed translucent door.
 10110 | Gauntlet | Found a large runed translucent door.
 10110 | Gauntlet | Found a large runed translucent door.
 10111 | Gauntlet | Found a large runed translucent door.
 10112 | Gauntlet | Found a large runed translucent door.
 10116 | Gauntlet | Noticed a bunyip
 10116 | Gauntlet | a wolf spider changed into a bunyip
 10124 | Gauntlet | Noticed a steelbarb worm
 10124 | Gauntlet | a bunyip changed into a steelbarb worm
 10127 | Gauntlet | a steelbarb worm changed into a water nymph
 10129 | Gauntlet | Noticed an entropy weaver
 10129 | Gauntlet | a tyrant leech changed into an entropy weaver
 10132 | Gauntlet | Noticed an emperor scorpion
 10132 | Gauntlet | an entropy weaver changed into an emperor scorpion
 10133 | Gauntlet | Noticed a storm dragon
 10133 | Gauntlet | an emperor scorpion changed into a storm dragon
 10137 | Gauntlet | Noticed a quicksilver dragon
 10137 | Gauntlet | a storm dragon changed into a quicksilver dragon
 10138 | Gauntlet | Noticed a stone giant
 10138 | Gauntlet | a quicksilver dragon changed into a stone giant
 10141 | Gauntlet | Noticed a sphinx
 10141 | Gauntlet | a stone giant changed into a sphinx
 10144 | Gauntlet | Noticed an azure jelly
 10144 | Gauntlet | a sphinx changed into an azure jelly
 10146 | Gauntlet | Noticed a death yak
 10146 | Gauntlet | an azure jelly changed into a death yak
 10151 | Gauntlet | Found a transporter.
 10151 | Gauntlet | Noticed a ghost moth
 10151 | Gauntlet | a death yak changed into a ghost moth
 10153 | Gauntlet | Noticed a goliath frog
 10153 | Gauntlet | a ghost moth changed into a goliath frog
 10154 | Gauntlet | Noticed an entropy weaver
 10154 | Gauntlet | a goliath frog changed into an entropy weaver
 10155 | Gauntlet | Noticed an alligator
 10155 | Gauntlet | an entropy weaver changed into an alligator
 10156 | Gauntlet | Noticed an entropy weaver
 10156 | Gauntlet | an alligator changed into an entropy weaver
 10162 | Gauntlet | Noticed an ice dragon
 10162 | Gauntlet | an entropy weaver changed into an ice dragon
 10163 | Gauntlet | Noticed a boulder beetle
 10163 | Gauntlet | an ice dragon changed into a boulder beetle
 10164 | Gauntlet | Noticed a goliath frog
 10164 | Gauntlet | a boulder beetle changed into a goliath frog
 10165 | Gauntlet | a goliath frog changed into a tyrant leech
 10172 | Gauntlet | Found a transporter.
 10192 | Gauntlet | Noticed a sea snake
 10192 | Gauntlet | a merfolk changed into a sea snake
 10193 | Gauntlet | a sea snake changed into a cyclops
 10205 | Gauntlet | Found a transporter.
 10249 | Gauntlet | Found a transporter.
 10266 | Gauntlet | Found a transporter.
 10341 | Gauntlet | Found a transporter.
 10359 | Gauntlet | Found a transporter.
 10371 | Gauntlet | Found a large runed translucent door.
 10371 | Gauntlet | Found a large runed translucent door.
 10372 | Gauntlet | Found a large runed translucent door.
 10373 | Gauntlet | Found a large runed translucent door.
 10483 | Gauntlet | Killed a soul eater
 10498 | Gauntlet | You pick up a book of Party Tricks and begin reading...
 10498 | Gauntlet | You add the spells Apportation and Alistair's Intoxication
                  | to your library.
 10544 | Gauntlet | Reached XP level 12. HP: 122/122 MP: 11/11
 10765 | Gauntlet | Identified the +0 hat "Meir" {rElec}
 10785 | Gauntlet | Identified the +6 fustibalus of Contradiction {venom, rPois
                  | rN++}
 10785 | Gauntlet | Noticed a minotaur
 10800 | Gauntlet | HP: 20/122 [minotaur/silver javelin (28)]
 10851 | Gauntlet | Killed a minotaur
 10963 | Gauntlet | Identified the +8 flail of Dust {vorpal, Fragile rF++
                  | Int+5}
 10964 | Gauntlet | You add the spells Fireball and Fire Storm to your library.
 10964 | Gauntlet | Got Dosuscheot's Papyrus of Ignition
 10964 | Gauntlet | You add the spells Flame Wave, Summon Lightning Spire and
                  | Lightning Bolt to your library.
 10964 | Gauntlet | Got the Compendium of the Fiery Birds
 10964 | Gauntlet | You pick up a book of Lightning and begin reading...
 10964 | Gauntlet | You add the spells Static Discharge and Maxwell's
                  | Capacitive Coupling to your library.
 11210 | D:11     | Found a staircase to the Orcish Mines.
 11238 | D:11     | Reached skill level 9 in Dodging
 11242 | D:11     | Reached skill level 9 in Shields
 11341 | D:11     | Found a staircase to the Lair.
 11392 | D:11     | Reached skill level 9 in Fighting
 11399 | D:11     | Noticed a boulder beetle
 11415 | D:11     | Noticed a boulder beetle
 11431 | D:11     | Killed a boulder beetle
 11650 | D:10     | HP: 42/184 [boulder beetle (25)]
 11663 | D:10     | Killed a boulder beetle
 11780 | D:10     | magus.rc [v1.9.6]
 11902 | Lair:1   | Entered Level 1 of the Lair of Beasts
 12131 | Lair:1   | Identified the +2 falchion "Pendulum" {vorpal, Drain rN+
                  | Will+++ Str+4}
 12164 | Lair:1   | Reached skill level 11 in Unarmed Combat
 12268 | Lair:1   | Noticed an eight-headed hydra
 12622 | Lair:1   | HP: 30/124 [eight-headed hydra (11)]
 12656 | Lair:1   | HP: 23/124 [eight-headed hydra (11)]
 12788 | Lair:1   | Killed an eight-headed hydra
 13478 | Lair:2   | Reached XP level 13. HP: 133/133 MP: 12/12
 13779 | Lair:2   | You pick up a book of the Hunter and begin reading...
 13779 | Lair:2   | You add the spells Call Canine Familiar, Portal Projectile
                  | and Leda's Liquefaction to your library.
 13789 | Lair:2   | Reached skill level 10 in Shields
 14110 | Lair:3   | Reached skill level 10 in Dodging
 14116 | Lair:3   | Reached skill level 10 in Fighting
 14289 | Lair:3   | Found a radiant altar of Vehumet.
 14440 | Lair:3   | HP: 31/133 [six-headed hydra (5)]
 14487 | Lair:3   | HP: 29/133 [six-headed hydra (11)]
 14492 | Lair:3   | HP: 22/133 [cane toad (16)]
 14586 | Lair:3   | Found a dark tunnel.
 14597 | Volcano  | Entered a volcano
 14615 | Volcano  | Reached skill level 12 in Unarmed Combat
 14714 | Volcano  | You are cast into the Abyss!
 14714 | Volcano  | Cast into level 2 of the Abyss (a wizard)
 14759 | Abyss:2  | Noticed an ophan
 14862 | Abyss:2  | Found a corrupted altar of Lugonu.
 14966 | Abyss:2  | Noticed a lorocyproca
 14982 | Abyss:2  | HP: 27/135 [small abomination (10)]
 14987 | Abyss:2  | HP: 32/135 [small abomination (3)]
 15067 | Abyss:2  | HP: 32/135 [tormentor (5)]
 15078 | Abyss:2  | Noticed a starcursed mass
 15078 | Abyss:2  | Lost intelligence.
 15079 | Abyss:2  | HP: 28/135 [starcursed mass (4)]
 15224 | Volcano  | You pass through the gate.
 15224 | Volcano  | Escaped the Abyss
 15238 | Volcano  | Reached ****** piety under the Shining One
 15317 | Volcano  | You pick up a book of Rime and begin reading...
 15727 | Lair:3   | You pick up a book of Blood and begin reading...
 15727 | Lair:3   | You add the spells Sublimation of Blood, Wereblood and
                  | Summon Hydra to your library.
 16213 | Lair:4   | Found a staircase to the Shoals.
 16713 | Lair:4   | HP: 34/136 [redback (8)]
 16718 | Lair:4   | HP: 23/136 [poisoned by a redback]
 16721 | Lair:4   | HP: 10/136 [redback (6)]
 16721 | Lair:4   | Slain by a redback

Vanquished Creatures
  A minotaur (Gauntlet)
  3 boulder beetles
  2 hydras
  A dancing weapon (Volcano)
  4 two-headed ogres
  A hell hog (Abyss:2)
  A soul eater (Gauntlet)
  5 wizards (Volcano)
  2 orc knights (Bailey)
  A wolf spider (shapeshifter) (Gauntlet)
  A lindwurm (Lair:4)
  A manticore (D:9)
  2 orc sorcerers (Bailey)
  3 ugly things
  A moth of wrath (Gauntlet)
  A cyclops (D:11)
  A merfolk siren (Lair:4)
  5 elephants (Lair:4)
  Joseph (D:8)
  5 toenail golems (Volcano)
  4 black mambas
  7 cane toads
  Maggie (D:6)
  3 smoke demons (Abyss:2)
  A gargoyle (D:11)
  2 rime drakes (Lair:3)
  5 komodo dragons
  2 merfolk (Lair:4)
  A troll (D:11)
  2 polar bears
  A hornet (shapeshifter) (Gauntlet)
  2 large abominations (Abyss:2)
  Prince Ribbit (D:5)
  A dream sheep (Lair:4)
  17 blink frogs
  A hornet (D:5)
  3 fire bats (Lair:3)
  A shadow (D:10)
  A ynoxinul (Abyss:2)
  2 wraiths (D:11)
  14 yaks
  5 wyverns
  Eustachio (D:6)
  3 basilisks
  A redback (Lair:4)
  5 steam dragons
  A chaos spawn (Abyss:2)
  2 vampire mosquitoes (D:11)
  2 acid dragons (D:11)
  10 water moccasins
  A water moccasin (shapeshifter) (Gauntlet)
  15 orc warriors
  A sky beast (D:7)
  4 ice beasts
  A necrophage (D:4)
  3 small abominations (Abyss:2)
  2 ogres
  20 wolves
  6 centaurs
  A phantom (D:5)
  4 kobold brigands
  7 bullfrogs
  A wyvern zombie (D:9)
  12 scorpions
  14 wights
  7 electric eels
  8 centaur zombies
  7 howler monkeys
  A bullfrog skeleton (D:6)
  2 human zombies (Ossuary)
  A centaur skeleton (D:7)
  3 hounds (D:5)
  A jelly (D:5)
  11 orc priests
  An iron imp (Abyss:2)
  Jessica (D:2)
  4 iguanas
  Terence (D:3)
  10 orc wizards
  6 scorpion zombies (Ossuary)
  2 killer bee zombies
  3 mummies (Ossuary)
  10 gnolls
  5 adders
  A howler monkey skeleton (D:5)
  3 shadow imps
  A white imp (D:6)
  5 worms
  An adder skeleton (D:4)
  3 dart slugs
  63 orcs
  4 bats
  An endoplasm (D:3)
  4 giant cockroaches
  17 goblins
  8 hobgoblins
  3 jackals (D:3)
  30 kobolds
  2 quokkas
  7 ball pythons
  2 frilled lizards (D:1)
  3 gnoll zombies (Ossuary)
  3 goblin zombies (Ossuary)
  2 hobgoblin zombies (Ossuary)
  A kobold zombie (Ossuary)
  7 rats
491 creatures vanquished.

Vanquished Creatures (others)
  9 fungi
  32 plants
41 creatures vanquished.

Grand Total: 532 creatures vanquished

Table legend:
 A = Non-vault XP
 B = Vault XP
 C = Vault XP percentage of total XP
 D = Non-vault monster count
 E = Vault monster count
 F = Vault count percentage of total count
                 A         B        C        D         E       F
            +---------+---------+-------+---------+---------+-------
      Total |   38423 |   25074 |  39.5 |     333 |     158 |  32.2
            +---------+---------+-------+---------+---------+-------
        D:1 |      32 |       0 |   0.0 |      20 |       0 |   0.0
        D:2 |      32 |      39 |  54.9 |       8 |       3 |  27.3
        D:3 |     154 |      50 |  24.5 |      21 |       3 |  12.5
        D:4 |     645 |       0 |   0.0 |      22 |       0 |   0.0
        D:5 |     569 |     723 |  56.0 |      12 |      11 |  47.8
        D:6 |     710 |     606 |  46.0 |      13 |       2 |  13.3
        D:7 |    2722 |       0 |   0.0 |      25 |       0 |   0.0
        D:8 |    2147 |     460 |  17.6 |      23 |       1 |   4.2
        D:9 |    3746 |       0 |   0.0 |      23 |       0 |   0.0
       D:10 |    1435 |     864 |  37.6 |      32 |       1 |   3.0
       D:11 |    1805 |    4129 |  69.6 |      20 |      32 |  61.5
     Lair:1 |    5759 |       0 |   0.0 |      21 |       0 |   0.0
     Lair:2 |    5532 |     210 |   3.7 |      22 |       1 |   4.3
     Lair:3 |    6338 |    1012 |  13.8 |      31 |       7 |  18.4
     Lair:4 |    6797 |    1607 |  19.1 |      24 |       6 |  20.0
    Abyss:2 |       0 |       0 |   N/A |      16 |       0 |   0.0
    Ossuary |       0 |    1156 | 100.0 |       0 |      31 | 100.0
     Bailey |       0 |    3642 | 100.0 |       0 |      36 | 100.0
    Volcano |       0 |    6566 | 100.0 |       0 |      11 | 100.0
   Gauntlet |       0 |    4010 | 100.0 |       0 |      13 | 100.0
            +---------+---------+-------+---------+---------+-------

Illustrated notes

Table legend:
 A = Kills in this place as a percentage of kills in entire the game.
 B = Kills by you in this place as a percentage of kills by you in the entire game.
 C = Kills by friends in this place as a percentage of kills by friends in the entire game.
 D = Other kills in this place as a percentage of other kills in the entire game.
 E = Experience gained in this place as a percentage of experience gained in the entire game.
 F = Experience gained in this place divided by the number of levels of this place that you have seen.
                   A       B       C       D       E      F
               +-------+-------+-------+-------+-------+----------------------
         Total | 100.0 | 100.0 |   N/A |   N/A | 100.0 | 3023.7
       Dungeon |  55.4 |  55.4 |   N/A |   N/A |  32.9 | 1897.1
          Lair |  22.8 |  22.8 |   N/A |   N/A |  42.9 | 6813.8
         Abyss |   3.3 |   3.3 |   N/A |   N/A |   0.0 |   0.0
       Ossuary |   6.3 |   6.3 |   N/A |   N/A |   1.8 | 1156.0
        Bailey |   7.3 |   7.3 |   N/A |   N/A |   5.7 | 3642.0
       Volcano |   2.2 |   2.2 |   N/A |   N/A |  10.3 | 6566.0
      Gauntlet |   2.6 |   2.6 |   N/A |   N/A |   6.3 | 4010.0
               +-------+-------+-------+-------+-------+----------------------

Table legend: (Time is in decaauts)
 A = Elapsed time spent in this place.
 B = Non-inter-level travel time spent in this place.
 C = Inter-level travel time spent in this place.
 D = Time resting spent in this place.
 E = Time spent auto-exploring this place.
 F = Levels seen in this place.
 G = Mean time per level.
                   A        B        C        D        E       F      G
               +--------+--------+--------+--------+--------+-----+--------+
         Total |  16984 |  16003 |    981 |    803 |   8724 |  21 |  808.8 |
       Dungeon |   9346 |   8536 |    810 |    127 |   5828 |  11 |  849.6 |
        Temple |    356 |    294 |     62 |      0 |    268 |   1 |  356.0 |
          Lair |   4040 |   3931 |    109 |    128 |   2085 |   4 | 1010.0 |
         Abyss |    610 |    610 |      0 |      0 |     99 |   1 |  610.0 |
       Ossuary |    356 |    356 |      0 |     20 |     75 |   1 |  356.0 |
        Bailey |    930 |    930 |      0 |    272 |    226 |   1 |  930.0 |
       Volcano |    377 |    377 |      0 |      0 |    109 |   1 |  377.0 |
      Gauntlet |    967 |    967 |      0 |    256 |     33 |   1 |  967.0 |
               +--------+--------+--------+--------+--------+-----+--------+

Top non-repeatable levels by time:
     D:5: 1585 daAuts
  Lair:1: 1508 daAuts
  Lair:3: 1225 daAuts
     D:6: 1088 daAuts
    D:11: 969 daAuts
Gauntlet: 967 daAuts
  Bailey: 930 daAuts
    D:10: 916 daAuts
     D:4: 837 daAuts
     D:8: 789 daAuts
  Lair:2: 710 daAuts
     D:3: 708 daAuts
     D:1: 644 daAuts
     D:7: 643 daAuts
     D:9: 622 daAuts
